 Dungeon Crawl Stone Soup version 0.30-a0-824-g6c64550be9 (webtiles) character file.

Game seed: 17269630890978405211

94 cforsyth the Sneak (level 4, -5/25 (28) HPs)
             Began as a Kobold Brigand on Feb 27, 2023.
             Killed by divine providence
             ... invoked by an orc priest
              (15 damage)
             ... on level 3 of the Dungeon.
             The game lasted 00:01:26 (1890 turns).

cforsyth the Sneak (Kobold Brigand)                 Turns: 1890, Time: 00:01:26

HP:   -5/25 (28)    AC:  3    Str:  8    XL:     4   Next: 94%
MP:   4/4           EV: 12    Int: 12    God:
Gold: 78            SH:  0    Dex: 18    Spells: 3/3 levels left

rFire   . . .      SeeInvis .    a - +2 dagger
rCold   . . .      Faith    .    (no shield)
rNeg    . . .      Spirit   .    b - +0 robe
rPois   .          Reflect  .    (no helmet)
rElec   .          Harm     .    c - +0 cloak
rCorr   .          Rampage  .    (no gloves)
Will    .....                    (no boots)
Stlth   ++++                     (no amulet)
HPRegen 0.24/turn                (no ring)
MPRegen 0.09/turn                (no ring)

@: constricted, heavily drained
A: small, no large weapons, nightstalker 3
a: no special abilities


You were on level 3 of the Dungeon.
You visited 1 branch of the dungeon, and saw 3 of its levels.

You collected 78 gold pieces.

Inventory:

Hand Weapons
 a - a +2 dagger (weapon)
Missiles
 d - 13 poisoned darts (quivered)
 e - 3 curare-tipped darts
Armour
 b - a +0 robe (worn)
 c - a +0 cloak (worn)
Jewellery
 o - a +6 ring of strength
Scrolls
 f - a scroll of fear {unknown}
 g - a scroll of butterflies {unknown}
 h - 2 scrolls of torment {unknown}
 i - a scroll of blinking {unknown}
 l - 3 scrolls of identify {unknown}
Potions
 j - a potion of magic {unknown}
 k - a potion of might {unknown}
 m - a potion of mutation {unknown}
 n - a potion of brilliance {unknown}
 p - a potion of berserk rage {unknown}
 q - a potion of invisibility {unknown}
 r - a potion of curing {unknown}


   Skills:
 + Level 3.2 Fighting
 + Level 3.9 Short Blades
 - Level 2.1 Throwing
 + Level 2.6 Dodging
 + Level 6.1 Stealth


You had 3 spell levels left.
You didn't know any spells.
Your spell library was empty.

Dungeon Overview and Level Annotations

Branches:
Dungeon (3/15)

Altars:

Annotations:
D:3 1 transporter, bakla's ghost, amateur OpNe


Innate Abilities, Weirdness & Mutations

You are small and have problems with some larger weapons.
You are completely attuned to the shadows.


Message History

Bakla's ghost grins evilly.
HP restored.
Found a pair of gloves.
Found 2 boomerangs.
Found a robe.
A ball python and an orc priest come into view.
You see here 7 gold pieces.
There are monsters nearby!
An orc comes into view. It is wielding a +2 whip of draining.
Found a faded altar of an unknown god.
The orc shouts!
You hear a shout!
The orc priest shouts!
The ball python hisses angrily.
You hear an angry hiss.
The orc priest hits you with a +0 flail.
You hit the orc priest but do no damage.
An adder comes into view.
You closely miss the orc priest. The ball python misses you.
The ball python barely misses you.
An orc comes into view. It is wielding a +0 club.
The orc priest barely misses you.
You hit the orc priest but do no damage.
The ball python barely misses you. The ball python closely misses you.
The orc hits you with a +2 whip of draining.
You feel drained. The orc priest misses you.
You hit the orc priest.
The orc priest is moderately wounded.
The ball python bites you. The ball python barely misses you.
The orc hits you with a +2 whip of draining.
You feel drained.
An orc comes into view. It is wielding a +0 hand axe.
A hobgoblin comes into view.
The orc priest barely misses you.
The hobgoblin shouts!
You hit the orc priest.
The orc priest is moderately wounded.
The ball python bites you. The ball python grabs you.
The ball python constricts you. The adder bites you.
The orc priest invokes the aid of Beogh against you.
Beogh smites you!
Ouch! That really hurt!
You die...

# ## .# #######
.####.......
................8_8..
.........[..#.o8.8.8.
.####.....(.#..o8.8..
## ##......#...oo...
.. #..#####...@S..#
..# ##.#####...S...#
#..............
#..#......$......g
...#.......^####..
..##........# ..
.....[..... .......#.


You could see an orc priest, an adder, 3 orcs, a hobgoblin and a ball python.

Vanquished Creatures
  Terence (D:2)
  2 adders (D:2)
  2 worms (D:2)
  2 dart slugs
  An orc (D:3)
  3 ball pythons (D:1)
  5 endoplasms (D:1)
  4 giant cockroaches
  3 goblins
  5 hobgoblins
  2 kobolds
  A quokka (D:2)
  A bat (D:2)
  5 frilled lizards
  A rat (D:1)
38 creatures vanquished.

Notes
Turn   | Place    | Note
-------+----------+-------------------------------------------
     0 | D:1      | cforsyth the Kobold Brigand began the quest for the Orb.
     0 | D:1      | Reached XP level 1. HP: 12/12 MP: 1/1
   242 | D:1      | Reached XP level 2. HP: 18/18 MP: 2/2
   669 | D:1      | Reached XP level 3. HP: 22/22 MP: 3/3
  1329 | D:2      | Reached XP level 4. HP: 27/27 MP: 4/4
  1475 | D:2      | Noticed Terence
  1479 | D:2      | Killed Terence
  1480 | D:2      | Reached skill level 6 in Stealth
  1825 | D:3      | Found a transporter.
  1828 | D:3      | Noticed bakla's ghost (amateur OpNe)
  1885 | D:3      | Found a faded altar of an unknown god.
  1890 | D:3      | Killed from afar by an orc priest

Illustrated notes

Levels and vault maps discovered:
D:1:      lightli_arrival_noodles, layout_loops_ring
D:2:      cheibrodos_old_hovel, layout_basic, uniq_terence
D:3:      layout_basic, mainiacjoe_overflow_boulevard,
          chequers_ecumenical_altar_simple_redux, gammafunk_ghost_stat_death,
          kennysheep_generic_room_10, uniq_ijyb, uniq_jessica

Skill      XL: |  1  2  3  4 |
---------------+-------------+-----
Short Blades   | 3 |  3.9
Dodging        | 2 |  2.6
Fighting       | 3 |  3.2
Stealth        | 6 |  6.1
Throwing       | |  2.1

Action                     |  1- 3 |  4- 6 || total
---------------------------+-------+-------++-------
  Melee: Dagger            |    51 |    32 ||    83
         Punch             |     2 |       ||     2
   Stab: Sleeping          |    16 |     7 ||    23
         Distracted        |     1 |       ||     1
 Armour: Robe              |     6 |     2 ||     8
  Dodge: Dodged            |    23 |    19 ||    42

Table legend: (Time is in decaauts)
 A = Elapsed time spent in this place.
 B = Non-inter-level travel time spent in this place.
 C = Inter-level travel time spent in this place.
 D = Time resting spent in this place.
 E = Time spent auto-exploring this place.
 F = Levels seen in this place.
 G = Mean time per level.
                   A        B        C        D        E       F      G
               +--------+--------+--------+--------+--------+-----+--------+
         Total |   1875 |   1833 |     42 |      0 |   1605 |   3 |  625.0 |
       Dungeon |   1875 |   1833 |     42 |      0 |   1605 |   3 |  625.0 |
               +--------+--------+--------+--------+--------+-----+--------+

Top non-repeatable levels by time:
     D:1: 947 daAuts
     D:2: 848 daAuts
     D:3: 79 daAuts
